 Dungeon Crawl Stone Soup version 0.29.1-12-g30fa7ad0bf (webtiles) character file.

Game seed: 3562563003210293605

266 Descartes the Magician (level 6, -4/36 HPs)
             Began as a Deep Elf Wanderer on Jan 5, 2023.
             Slain by Blork the orc
             ... wielding a +5 vorpal scimitar
              (7 damage)
             ... on level 4 of the Dungeon.
             The game lasted 00:12:20 (4091 turns).

Descartes the Magician (Deep Elf Wanderer)          Turns: 4091, Time: 00:12:21

Health: -4/36      AC:  9    Str:  7    XL:     6   Next: 0%
Magic:  8/14       EV: 10    Int: 18    God:
Gold:   241        SH:  5    Dex: 17    Spells: 12/13 levels left

rFire   . . .      SeeInvis .   i - +2 dagger (venom)
rCold   . . .      Faith    .   e - +0 buckler {AC+3}
rNeg    . . .      Spirit   .   d - +0 robe
rPois   .          Reflect  .   (no helmet)
rElec   .          Harm     .   (no cloak)
rCorr   .          Rampage  .   (no gloves)
Will    .....                   (no boots)
Stlth   ++........              (no amulet)
HPRegen 0.12/turn               p - +4 ring of protection
MPRegen 0.14/turn               q - ring of flight

@: flying
A: no striking features
a: no special abilities


You were on level 4 of the Dungeon.
You visited 1 branch of the dungeon, and saw 4 of its levels.

You collected 241 gold pieces.

Inventory:

Hand Weapons
 i - a +2 dagger of venom (weapon)
 m - a +0 sling
 z - a +0 short sword of holy wrath
Missiles
 f - 3 atropa-tipped darts
 l - 2 javelins
 t - 6 boomerangs
Armour
 d - a +0 robe (worn)
 e - a +0 buckler of protection (worn)
Jewellery
 p - a +4 ring of protection (left hand)
 q - a ring of flight (right hand)
Wands
 s - a wand of iceblast (11)
 w - a wand of paralysis (4)
Scrolls
 a - 2 scrolls of noise {unknown}
 b - 3 scrolls of vulnerability
 c - a scroll of fear
 g - 3 scrolls of identify {unknown}
 n - 2 scrolls of blinking {unknown}
 u - 2 scrolls of magic mapping {unknown}
 v - a scroll of enchant armour {unknown}
 x - 2 scrolls of poison {unknown}
 y - a scroll of brand weapon {unknown}
Potions
 h - a potion of invisibility {unknown}
 j - 3 potions of curing
 k - a potion of mutation {unknown}
 o - a potion of berserk rage {unknown}
 r - a potion of resistance {unknown}


   Skills:
 - Level 2.4 Fighting
 + Level 2.5 Shields
 + Level 4.2 Spellcasting
 + Level 2.3 Conjurations
 + Level 3.3 Ice Magic
 * Level 2.6 Earth Magic
 - Level 1.0 Invocations
 + Level 2.2 Evocations


You had 12 spell levels left.
You knew the following spells:

 Your Spells              Type           Power      Damage    Failure   Level
a - Freeze                Ice            64%        1d8       4%          1

Your spell library contained the following spells:

 Spells                   Type           Power      Damage    Failure   Level
 Frozen Ramparts          Ice            32%        1d5       14%         3
 Beastly Appendage        Tmut           6%         N/A       19%         1
 Slow                     Hex            12%        N/A       19%         1
 Stone Arrow              Conj/Erth      24%        3d8       21%         3
 Wereblood                Tmut           3%         N/A       28%         2
 Confusing Touch          Hex            3%         N/A       50%         3
 Spider Form              Tmut/Pois      3%         N/A       50%         3
 Vampiric Draining        Necr           3%         2d6       50%         3
 Animate Armour           Summ/Erth      16%        N/A       73%         4
 Lehudib's Crystal Spear  Conj/Erth      6%         10d3      100%        8


Dungeon Overview and Level Annotations

Branches:
Dungeon (4/15)
 Temple: D:4-7

Altars:
Yredelemnul
The Shining One

Shops:
D:4 (

Annotations:
D:3 Eustachio
D:4 Blork the orc


Message History

Blork the orc attacks as you move away!
Blork the orc hits you with a +5 vorpal scimitar.
You block Blork the orc's attack. Blork the orc attacks as you move away!
Blork the orc closely misses you.
Blork the orc hits you with a +5 vorpal scimitar!
There is an open door, spattered with blood here.
Sorry, you're not good enough to have a special ability.
Okay, then.
Fire: m) +0 sling
Press: ? - help, Q - select action, (/) - cycle Shift-Dir - straight line, f/p - Blork the orc
Aim: Blork the orc, wielding a +5 vorpal scimitar, wearing a +0 robe and carrying a wand of digging (5) (moderately wounded, fast, 61% to hit)
Okay, then.
Throw: 4 darts (atropa)
Press: ? - help, Shift-Dir - straight line, f/p - Blork the orc
Aim: Blork the orc, wielding a +5 vorpal scimitar, wearing a +0 robe and carrying a wand of digging (5) (moderately wounded, fast, 64% to hit, chance to blind on hit: 75%)
You throw an atropa-tipped dart.
The atropa-tipped dart hits Blork the orc.
Blork the orc appears confused.
Blork the orc is moderately wounded.
Blork the orc closely misses you.
Your +2 dagger of venom begins to drip with poison!
i - a +2 dagger of venom (weapon)
You hit Blork the orc.
Blork the orc is heavily wounded.
Blork the orc seems less confused.
You block Blork the orc's attack.
Blork the orc gestures at you while chanting.
The puff of flame hits you!
* * * LOW HITPOINT WARNING * * *
Blork the orc hits you with a +5 vorpal scimitar.
* * * LOW HITPOINT WARNING * * *
x2 It was a potion of curing.
You feel better.
Blork the orc is no longer blind.
Blork the orc hits you with a +5 vorpal scimitar!
* * * LOW HITPOINT WARNING * * *
x2 You hit Blork the orc.
Blork the orc is poisoned.
Blork the orc is heavily wounded.
Blork the orc gestures at you while chanting.
The puff of flame hits you but does no damage.
Blork the orc screams, "You are the ugliest creature I've ever seen!"
Blork the orc hits you with a +5 vorpal scimitar!
You die...

...##.##.##.#######.#
....#.##.##.#.......#
##..#.##..#.#.......#
....#.###.#.#.......# ###.#.#
#...........#####
#.#.#####.#....##.....#
#.#.......####..#.....#########
#.######### #.................
#.# #@................ #.#
#o................
####'####............ ###
#...(...#............ #..#
#.⌠...⌠.#............ #
#..###.......#.......)....
...###...'...⌠...'.....(......
#........#.......######.####.#
...........⌠...⌠.# #.. #...


You could see Blork the orc (fast, very poisoned).

Vanquished Creatures
  A necrophage (D:3)
  2 iguanas
  2 adders
  3 gnolls (D:2)
  6 worms
  2 dart slugs
  An orc (D:4)
  11 endoplasms
  2 giant cockroaches (D:4)
  9 hobgoblins
  6 jackals
  3 quokkas
  9 ball pythons
  7 bats
  3 frilled lizards
  6 goblins
  4 kobolds
  6 rats
83 creatures vanquished.

Notes
Turn   | Place    | Note
-------+----------+-------------------------------------------
     0 | D:1      | Descartes the Deep Elf Wanderer began the quest for the
                  | Orb.
     0 | D:1      | Descartes set off with the following items: a +0 dagger, a
                  | scroll of vulnerability, a scroll of fear, a +0 robe, a +0
                  | buckler of protection; and the following spell memorised:
                  | Freeze; and the following spells available to memorise:
                  | Frozen Ramparts.
     0 | D:1      | Reached XP level 1. HP: 13/13 MP: 6/6
   335 | D:1      | Reached XP level 2. HP: 11/18 MP: 4/8
   553 | D:1      | Found a faded altar of an unknown god.
   681 | D:1      | Reached skill level 1 in Conjurations
   965 | D:1      | Reached skill level 1 in Evocations
  1043 | D:1      | Reached XP level 3. HP: 8/22 MP: 6/9
  1684 | D:2      | Reached skill level 1 in Earth Magic
  2187 | D:2      | Reached XP level 4. HP: 27/27 MP: 9/11
  2963 | D:3      | Found a glowing golden altar of the Shining One.
  2981 | D:3      | Found a basalt altar of Yredelemnul.
  3058 | D:3      | Reached XP level 5. HP: 20/31 MP: 6/12
  3572 | D:3      | Reached skill level 4 in Spellcasting
  3679 | D:4      | Found Wyasseax's Weapon Boutique.
  3685 | D:4      | Noticed Eustachio
  4061 | D:4      | Noticed Blork the orc
  4062 | D:4      | Reached XP level 6. HP: 34/36 MP: 8/14
  4091 | D:4      | Slain by Blork the orc

Illustrated notes

Levels and vault maps discovered:
D:1:      elethiomel_arrival_infinity_welcomes_careful_drivers, layout_basic,
          hellmonk_ecumenical_altar_dog_temple
D:2:      layout_rooms
D:3:      layout_basic, mainiacjoe_overflow_boulevard,
          nicolae_overflow_crystal_walls, nicolae_wormholes
D:4:      layout_basic, serial_shops, shop, minmay_fountain_box,
          uniq_blork_the_orc, uniq_eustachio

Skill      XL: |  1  2  3  4  5 |
---------------+----------------+-----
Conjurations   | 1 2 |  2.3
Evocations     | 1 2 |  2.2
Earth Magic    | 1 2 |  2.6
Shields        | 2 |  2.5
Ice Magic      | 3 |  3.3
Spellcasting   | 4 |  4.2
Fighting       | |  2.4
Invocations    | |  1.0

Action                   |  1- 3 |  4- 6 || total
-------------------------+-------+-------++-------
Melee: Dagger            |     8 |     2 ||    10
 Fire: Sling             |    15 |    93 ||   108
Throw: Dart              |       |     1 ||     1
 Cast: Freeze            |    63 |    65 ||   128
  Use: Potion            |       |     1 ||     1
Armor: Robe              |    18 |    14 ||    32
Dodge: Dodged            |    30 |    27 ||    57
Block: Buckler           |    17 |    11 ||    28
